General information
- name: BNet
- type: Ladder 1vs1/FFA
- host: Battle.net
- saver: Rush[yyz]
map: TurtleRock
- players: 2
- length: 19:14
- speed: Fast
- version: 1.23 W3XP
- replay type: Public
» download(68 KB)
Players
team 1 (loser)

»
gamr1000000 (
blue | 64 APM | 1200 actions | 18:50)
4 Paladin
2 Holy Light
2 Divine Shield
1 Mountain King
1 Storm Bolt
» actions
| Assign group hotkey | 15 | |
| Basic commands | 1 | |
| Build / train | 68 | |
| Enter build submenu | 22 | |
| Enter hero's abilities submenu | 5 | |
| Give item / drop item | 1 | |
| Remove unit from queue | 1 | |
| Right click | 589 | |
| Select / deselect | 276 | |
| Select group hotkey | 136 | |
| Use ability | 86 | |
1200 total
» units
| Peasant | 16 | |
| Footman | 9 | |
| Gryphon Rider | 9 | |
34 total
» upgrades
| Masonry | 2 | |
| Defend | 1 | |
| Animal War Training | 1 | |
| Armor | 1 | |
5 total
» buildings
| Altar of Kings | 1 | |
| Barracks | 1 | |
| Farm | 8 | |
| Lumber Mill | 1 | |
| Scout Tower | 5 | |
| Town Hall | 1 | |
| Guard Tower | 3 | |
| Keep | 1 | |
| Arcane Vault | 1 | |
| Castle | 1 | |
| Gryphon Aviary | 3 | |
| Blacksmith | 1 | |
27 total
» build order
00:08 Altar of Kings
00:20 Barracks
00:35 Farm
00:50 Farm
01:42 Farm
03:56 Lumber Mill
04:39 Farm
05:04 Scout Tower
05:06 Scout Tower
05:16 Scout Tower
05:18 Scout Tower
05:28 Scout Tower
05:31 Town Hall
05:40 Guard Tower
05:47 Guard Tower
05:56 Guard Tower
07:02 Keep
07:18 Arcane Vault
09:35 Castle
09:37 Gryphon Aviary
09:38 Gryphon Aviary
09:43 Gryphon Aviary
11:14 Farm
11:33 Farm
12:58 Blacksmith
13:38 Farm
15:16 Farm
» items
| Scroll of Regeneration | 5 | |
| Lesser Clarity Potion | 3 | |
| Potion of Lesser Invulnerability | 2 | |
| Potion of Healing | 1 | |
| Potion of Mana | 3 | |
| Scroll of Town Portal | 2 | |
16 total
team 2 (winner)

»
Rush[yyz] (
green | 116 APM | 2234 actions | 19:14)
5 Death Knight
3 Death Coil
2 Unholy Aura
5 Lich
3 Frost Nova
2 Dark Ritual
4 Dreadlord
2 Sleep
2 Carrion Swarm
» actions
| Assign group hotkey | 47 | |
| Basic commands | 173 | |
| Build / train | 69 | |
| Enter build submenu | 13 | |
| Enter hero's abilities submenu | 14 | |
| Give item / drop item | 3 | |
| Remove unit from queue | 2 | |
| Right click | 1045 | |
| Select / deselect | 298 | |
| Select group hotkey | 472 | |
| Use ability | 98 | |
2234 total
» units
| Acolyte | 4 | |
| Ghoul | 2 | |
| Crypt Fiend | 11 | |
| Obsidian Statue | 4 | |
| Abomination | 1 | |
| Meatwagon | 2 | |
24 total
» upgrades
| Creature Attack | 2 | |
| Burrow | 1 | |
| Web | 1 | |
| Destroyer Form | 1 | |
| Creature Carapace | 1 | |
| Unholy Strength | 1 | |
| Disease Cloud | 1 | |
8 total
» buildings
| Crypt | 1 | |
| Altar of Darkness | 1 | |
| Ziggurat | 7 | |
| Tomb of Relics | 1 | |
| Graveyard | 1 | |
| Halls of the Dead | 2 | |
| Nerubian Tower | 1 | |
| Slaughterhouse | 1 | |
| Black Citadel | 2 | |
17 total
» build order
00:09 Crypt
00:11 Altar of Darkness
00:25 Ziggurat
01:06 Tomb of Relics
01:49 Graveyard
02:00 Ziggurat
03:42 Halls of the Dead
03:42 Halls of the Dead
04:11 Ziggurat
05:25 Nerubian Tower
06:40 Slaughterhouse
07:13 Black Citadel
08:31 Ziggurat
12:26 Ziggurat
12:26 Ziggurat
13:40 Ziggurat
» items
| Rod of Necromancy | 7 | |
| Potion of Healing | 2 | |
| Orb of Corruption | 1 | |
10 total
Chat log
(02:43 / All) Rush[yyz]: y pally frst?
(03:05 / All) Rush[yyz]: hey
(03:08 / All) Rush[yyz]: why pally first?
(03:15 / All) gamr1000000: i knew u were ud
(03:18 / All) Rush[yyz]: how?
(03:26 / All) gamr1000000: early scout
(03:34 / All) Rush[yyz]: uhm
(03:35 / All) Rush[yyz]: ....
(03:38 / All) Rush[yyz]: i was cross map
(03:44 / All) gamr1000000: i know
(03:51 / All) Rush[yyz]: how did you know?
(04:06 / All) gamr1000000: i sent a peon to my natural
(04:12 / All) gamr1000000: then across map]
(04:39 / All) Rush[yyz]: hookay
(18:41 / All) gamr1000000: fucking wood is such a bitch on this map
(18:44 / All) gamr1000000: any other map i win